 Dungeon Crawl Stone Soup version 0.24.0-3-g28a8eb0610 (webtiles) character file.

Game seed: 10170172854299543352, levelgen mode: deterministic

296552 Buffaloe the Eclecticist (level 20, 0/122 HPs)
             Began as a Deep Elf Fire Elementalist on Oct 30, 2019.
             Was the Champion of Vehumet.
             Killed by vampiric draining
             ... invoked by a vampire knight
              (22 damage)
             ... on level 15 of the Dungeon on Nov 1, 2019.
             The game lasted 06:05:08 (65120 turns).

Buffaloe the Eclecticist (DEFE)                    Turns: 65120, Time: 06:05:08

Health: 0/122      AC: 15    Str: 11    XL:     20   Next: 8%
Magic:  0/44       EV: 22    Int: 27    God:    Vehumet [******]
Gold:   2343       SH: 15    Dex: 18    Spells: 8/55 levels left

rFire    + . .     SeeInvis .   D - staff of conjuration
rCold    + . .     Gourm    .   d - +2 shield {AC+3}
rNeg     . . .     Faith    .   x - +2 leather armour {rF+}
rPois    .         Spirit   .   p - +0 hat of Beauty {+Fly rC+ Str+3 Stlth-}
rElec    .         Reflect  .   J - +2 cloak {MR+}
rCorr    .         Harm     .   L - +1 pair of gloves {Dex+3}
MR       ++++.                  h - +0 pair of boots
Stlth    +.........             (no amulet)
HPRegen  0.30/turn              Q - ring of wizardry
MPRegen  0.29/turn              Y - ring of protection from magic

@: no status effects
A: screaming 1
}: 2/15 runes: decaying, gossamer
a: Renounce Religion, Evoke Flight


You were on level 15 of the Dungeon.
You worshipped Vehumet.
Vehumet was exalted by your worship.
You were near starving.

You visited 8 branches of the dungeon, and saw 38 of its levels.

You collected 3675 gold pieces.
You spent 1332 gold pieces at shops.

Inventory:

Missiles
 k - 24 atropa-tipped darts (quivered)
Armour
 d - a +2 shield of protection (worn)
 f - the +0 pair of gloves of Hepliaklqana's Regard {rN+ Str+3}
   (You found it on level 4 of the Spider Nest)

   It affects your strength (+3).
   It protects you from negative energy.
 g - a +1 helmet
 h - a +0 pair of boots (worn)
 p - the +0 hat of Beauty (worn) {+Fly rC+ Str+3 Stlth-}
   (You found it on level 2 of the Swamp)

   It affects your strength (+3).
   It protects you from cold.
   It lets you fly.
   It makes you less stealthy.
 x - a +2 leather armour of fire resistance (worn)
 G - +0 fire dragon scales
 J - a +2 cloak of magic resistance (worn)
 L - a +1 pair of gloves of dexterity (worn)
Magical Staves
 D - an uncursed staff of conjuration (weapon)
 X - an uncursed staff of poison
Jewellery
 j - an uncursed ring of poison resistance
 A - an uncursed ring of resist corrosion
 Q - a ring of wizardry (left hand)
 Y - a ring of protection from magic (right hand)
Wands
 i - a wand of digging (2)
 u - a wand of flame (6)
 v - a wand of scattershot (1)
 E - a wand of paralysis (18)
 M - a wand of clouds (5)
 U - a wand of disintegration (32)
 V - a wand of polymorph (12)
Scrolls
 a - 11 scrolls of remove curse
 b - 3 scrolls of enchant weapon
 m - a scroll of blinking
 q - 9 scrolls of fog
 r - 3 scrolls of teleportation
 y - a scroll of identify
 F - 7 scrolls of fear
 I - 5 scrolls of amnesia
 N - 2 scrolls of enchant armour
 P - a scroll of brand weapon
 R - 2 scrolls of magic mapping
 S - 3 scrolls of holy word
Potions
 e - 2 potions of heal wounds
 n - 2 potions of cancellation
 o - 10 potions of curing
 s - 10 potions of brilliance
 t - 8 potions of flight
 w - 5 potions of ambrosia
 z - 3 potions of agility
 H - 2 potions of haste
 K - 2 potions of resistance
 O - 2 potions of magic
 W - 4 potions of might
 Z - 4 potions of mutation
Miscellaneous
 l - a fan of gales
Comestibles
 c - 22 rations


   Skills:
 + Level 12.2 Fighting
 + Level 4.5 Armour
 + Level 13.4 Dodging
 - Level 2.4 Stealth
 - Level 15.0 Shields
 - Level 18.0 Spellcasting
 - Level 16.0 Conjurations
 - Level 8.0 Summonings
 - Level 3.0 Translocations
 - Level 16.0 Fire Magic
 - Level 4.0 Poison Magic


You had 8 spell levels left.
You knew the following spells:

 Your Spells              Type           Power        Failure   Level  Hunger
a - Bolt of Fire          Conj/Fire      ########..   1%          6    ###....
b - Fireball              Conj/Fire      ########..   1%          5    None
c - Conjure Flame         Conj/Fire      ########     0%          3    None
d - Blink                 Tloc           N/A          1%          2    None
e - Mephitic Cloud        Conj/Pois/Air  ######..     1%          3    None
f - Sticky Flame          Conj/Fire      ########     1%          4    None
h - Poison Arrow          Conj/Pois      #######...   1%          6    ###....
o - Orb of Destruction    Conj           ########..   1%          7    #####..
p - Passage of Golubria   Tloc           N/A          2%          4    None
S - Spellforged Servitor  Conj/Summ      #######...   1%          7    #####..

Your spell library contained the following spells:

 Spells                   Type           Power        Failure   Level  Hunger
 Ignition                 Fire           #######...   2%          8    ######.
 Lehudib's Crystal Spear  Conj/Erth      #######...   47%         8    ######.
 Fire Storm               Conj/Fire      ########..   32%         9    #######
 Flame Tongue             Conj/Fire      #####        0%          1    None
 Magic Dart               Conj           ####         0%          1    None
 Throw Flame              Conj/Fire      ######       0%          2    None
 Animate Skeleton         Necr           N/A          1%          1    None
 Apportation              Tloc           #####.       1%          1    None
 Corona                   Hex            ###....      1%          1    None
 Infusion                 Chrm           ###.         1%          1    None
 Pain                     Necr           ###.         1%          1    None
 Sandblast                Erth           ###...       1%          1    None
 Sting                    Conj/Pois      ####         1%          1    None
 Summon Butterflies       Summ           ######..     1%          1    None
 Call Imp                 Summ           ######..     1%          2    None
 Corpse Rot               Necr           N/A          1%          2    None
 Passwall                 Tmut/Erth      ###.....     1%          2    None
 Poisonous Vapours        Pois/Air       #####.       1%          2    None
 Shroud of Golubria       Chrm/Tloc      ####..       1%          2    None
 Slow                     Hex            ###.....     1%          2    None
 Song of Slaying          Chrm           ###.....     1%          2    None
 Sublimation of Blood     Necr           ###.......   1%          2    None
 Gell's Gravitas          Tloc           #####.....   1%          3    None
 Ignite Poison            Fire/Tmut/Pois ######..     1%          3    None
 Inner Flame              Hex/Fire       ######..     1%          3    None
 Lesser Beckoning         Tloc           #####.....   1%          3    None
 Portal Projectile        Hex/Tloc       ####..       1%          3    None
 Recall                   Summ/Tloc      N/A          1%          3    None
 Stone Arrow              Conj/Erth      ######       1%          3    None
 Teleport Other           Tloc           #####...     1%          3    None
 Olgreb's Toxic Radiance  Pois           #####...     1%          4    None
 Summon Lightning Spire   Summ/Air       #####...     1%          4    None
 Aura of Abjuration       Summ           ######....   1%          5    None
 Irradiate                Conj/Tmut      #######...   1%          5    None
 Summon Demon             Summ           ######....   1%          5    None
 Venom Bolt               Conj/Pois      #######...   1%          5    None
 Conjure Ball Lightning   Conj/Air       #######...   1%          6    ###....
 Regeneration             Chrm/Necr      ###.......   2%          3    None
 Spectral Weapon          Hex/Chrm       ###.....     2%          3    None
 Tukima's Dance           Hex            ###.....     2%          3    None
 Vampiric Draining        Necr           ###.......   2%          3    None
 Summon Forest            Summ/Tloc      ######....   2%          5    None
 Summon Mana Viper        Hex/Summ       #####...     5%          5    None
 Shadow Creatures         Summ           N/A          6%          6    ###....
 Lee's Rapid Deconstruct  Erth           ###.......   8%          5    None
 Animate Dead             Necr           N/A          10%         4    None
 Cause Fear               Hex            ###.......   10%         4    None
 Leda's Liquefaction      Hex/Erth       ###.......   10%         4    None
 Petrify                  Tmut/Erth      ###.....     10%         4    None
 Alistair's Intoxication  Tmut/Pois      #####...     12%         5    None
 Borgnjor's Vile Clutch   Necr/Erth      ###.......   26%         5    None
 Silence                  Hex/Air        ###.......   26%         5    None
 Summon Hydra             Summ           ######....   28%         7    #####..
 Death Channel            Necr           ###.......   78%         6    ###....
 Deflect Missiles         Chrm/Air       ###.......   78%         6    ###....
 Hydra Form               Tmut           ###.......   78%         6    ###....
 Invisibility             Hex            ###.....     78%         6    ###....
 Simulacrum               Ice/Necr       ###.......   78%         6    ###....
 Dragon Form              Tmut           ###.......   100%        7    #####..
 Dragon's Call            Summ           ######....   100%        9    #######
 Tornado                  Air            ###.......   100%        9    #######


Dungeon Overview and Level Annotations

Branches:
Dungeon (15/15)            Temple (1/1) D:5            Lair (6/6) D:11
  Swamp (4/4) Lair:4       Spider (4/4) Lair:2        Slime (0/5) Lair:6
    Orc (2/2) D:11            Elf (0/3) Orc:2        Vaults (5/5) D:14
  Crypt (0/3) Vaults:2     Depths (1/5) D:15

Altars:
Ashenzari
Cheibriados
Dithmenos
Elyvilon
Fedhas
Gozag
Hepliaklqana
Kikubaaqudgha
Makhleb
Nemelex Xobeh
Okawaru
Qazlal
Ru
Sif Muna
Trog
Uskayaw
Vehumet
Wu Jian
Xom
Yredelemnul
Zin
The Shining One
Jiyva

Shops:
D:4 *   D:8 %   Orc:2 *%%(=   Vaults:1 [   Vaults:2 *   Vaults:4 ?

Portals:
Trove: D:14 (show abyssal rune of Zot)

Annotations:
D:5 Eustachio
D:9 Gastronok
D:14 Roxanne


Innate Abilities, Weirdness & Mutations

You occasionally shout uncontrollably at your foes.


Message History

You feel a surge of power!
The sticky flame hits something.
The vampire knight is covered in liquid flames!
The vampire knight burns!
The vampire knight hits you with a +0 long sword!!
* * * LOW HITPOINT WARNING * * *
The vampire knight misses you.
Casting: Sticky Flame (safe; 1% risk of failure)
Confirm with . or Enter, or press ? or * to list all spells.
Aiming: Bolt of Fire (safe; 1% risk of failure)
Press: ? - help, Shift-Dir - straight line, f - vampire knight
Aim: a vampire knight, wielding a +0 long sword and wearing a +0 plate armour (lightly damaged, fast, slightly transparent, covered in liquid flames)
You feel a surge of power!
The bolt of fire hits the vampire knight!!
The vampire knight is heavily damaged.
You are near starving!
The vampire knight burns!
The vampire knight completely misses you.
You block the vampire knight's attack.
The vampire knight is infused with unholy energy.
You die...

..## ###.# #.# #)#
...### #.####.# #.#
.....# #......# #.#
##.#.#
#..##..########.#
#.#.#
#...............#
#.#.#
#.<.#..##########
#.#.# #........# #.#.#
##..####.##### #.#.#
#..# #@#...# #.#.#
#.#####V#...# #.#.#
#.#.....#...#
##.#.#####.#..#.#.#.##
[..#.......#.#...#...#
........##.#.....#.###
#######......#..>#.#
##.......####.####.#
...####..#⌠..#.....#


You could see a vampire knight (burning).

Vanquished Creatures
  A bone dragon (Vaults:2)
  Rupert (D:14)
  3 liches
  5 thorn hunters
  Frances (D:14)
  Louise (Swamp:4)
  3 vault wardens
  A ghost moth (Spider:4)
  3 ironheart preservers
  2 frost giants
  6 emperor scorpions
  8 very ugly things
  5 stone giants
  A deep elf annihilator (Vaults:1)
  Azrael (Spider:3)
  Nessos (D:14)
  3 ettins
  3 fire dragons
  2 deep elf death magi (Vaults:1)
  Snorg (D:11)
  A small abomination (Vaults:1)
  4 yaktaur captains
  4 great orbs of eyes
  A rakshasa (Vaults:3)
  4 vault guards
  A death knight (Vaults:1)
  18 hydras
  4 ice dragons
  Erolcha (Orc:1)
  Erica (Lair:2)
  2 shambling mangroves
  8 centaur warriors
  12 ogre magi
  8 alligators
  5 death yaks (Lair:3)
  28 two-headed ogres
  3 tengu warriors
  5 deep troll shamans
  4 orc high priests (Orc:2)
  Nergalle (Orc:1)
  Urug (D:10)
  2 deep elf knights
  2 skeletal warriors (Vaults:2)
  2 iron trolls (Depths:1)
  Sonja (Orc:1)
  14 deep trolls
  A spriggan druid (Swamp:3)
  2 unseen horrors
  6 wizards
  13 swamp dragons
  14 ironbrand convokers
  2 deep elf archers
  5 harpies
  Pikel (D:5)
  A harpy (shapeshifter) (D:13)
  11 orc knights
  A necromancer (Depths:1)
  8 orb spiders
  5 deep elf magi
  16 wolf spiders
  4 manticores
  8 cyclopes
  2 orc sorcerers
  12 ugly things
  A moth of wrath (Spider:3)
  4 black mambas
  Maurice (D:9)
  16 elephants
  8 vault sentinels
  A gargoyle (D:11)
  2 torpor snails
  33 spiny frogs
  2 centaur skeletons
  6 demonic crawlers
  A kobold demonologist (D:11)
  2 efreet
  27 yaktaurs
  2 tengu conjurers (D:14)
  6 komodo dragons
  5 freezing wraiths
  2 rime drakes
  9 tyrant leeches
  12 jumping spiders
  A queen bee (Lair:1)
  6 trolls
  3 meliai (Spider:4)
  2 tengu simulacra
  Grinder (D:5)
  14 hornets
  19 blink frogs
  A raiju (shapeshifter) (D:14)
  A dream sheep (shapeshifter) (D:15)
  2 blink frogs (shapeshifter)
  8 bog bodies
  18 slime creatures
  9 hippogriffs
  A vampire (D:14)
  A tarantella (shapeshifter) (D:14)
  38 redbacks
  21 yaks
  Sigmund (D:5)
  A wyvern (D:12)
  23 tarantellas
  4 hogs (D:7)
  2 wraiths (Spider:1)
  A yak (shapeshifter) (D:13)
  2 fire elementals (Spider:3)
  A human (D:7)
  A hungry ghost (D:12)
  A golden eye (shapeshifter) (Vaults:2)
  17 vampire mosquitoes
  2 basilisks
  9 wargs
  A yaktaur simulacrum (Depths:1)
  A soldier ant (shapeshifter) (Vaults:4)
  An acid dragon (Vaults:1)
  A soldier ant (D:9)
  22 swamp worms
  4 hell hounds (Spider:3)
  11 water moccasins
  A swamp drake (shapeshifter) (Vaults:1)
  6 porcupines
  A black bear (D:6)
  13 swamp drakes
  An ice beast (shapeshifter) (Depths:1)
  3 ice beasts
  2 necrophages (D:6)
  48 orc warriors
  4 boggarts (Vaults:2)
  4 sky beasts
  21 ogres
  5 phantoms
  3 wolves (Lair:1)
  33 centaurs
  3 crocodiles
  3 big kobolds
  23 bullfrogs
  A wyvern zombie (D:12)
  A glowing shapeshifter simulacrum (Vaults:3)
  2 wyvern skeletons
  A water moccasin skeleton (D:7)
  5 scorpions
  A human simulacrum (Vaults:2)
  An orc simulacrum (Vaults:1)
  34 killer bees
  10 howler monkeys
  14 wights
  6 electric eels
  6 crimson imps
  3 bullfrog zombies
  4 jellies
  2 centaur zombies
  8 hounds
  40 orc priests
  Jessica (D:2)
  2 bullfrog skeletons
  41 orc wizards
  8 iguanas
  16 worker ants
  2 hound skeletons
  2 worker ant zombies
  2 gnolls (D:5)
  A howler monkey skeleton (D:4)
  11 adders
  4 river rats (D:5)
  4 shadow imps
  3 oozes
  An adder skeleton (D:6)
  An adder zombie (D:5)
  3 worms
  3 dart slugs
  6 leopard geckos
  98 orcs
  2 ball pythons (D:1)
  8 giant cockroaches
  5 goblins
  4 hobgoblins
  3 jackals (D:1)
  15 kobolds
  4 quokkas
  16 bats
  7 frilled lizards
  A leopard gecko skeleton (D:4)
  2 quokka skeletons
  A quokka zombie (D:5)
  8 rats
  7 briar patches (Swamp:4)
  A bush (Lair:4)
  2 crawling corpses (Vaults:1)
  A fungus (Lair:4)
  5 plants
1307 creatures vanquished.

Vanquished Creatures (collateral kills)
  Arachne (Spider:3)
  A tentacled monstrosity (Swamp:3)
  2 sphinxes (Depths:1)
  A thorn hunter (Swamp:4)
  A frost giant (Vaults:3)
  A vault warden (Vaults:2)
  An emperor scorpion (Spider:4)
  2 ironheart preservers
  An entropy weaver (Spider:2)
  A very ugly thing (Vaults:1)
  3 stone giants
  A spark wasp (Spider:3)
  Josephine (Spider:1)
  A yaktaur captain (Vaults:4)
  4 vault guards
  A centaur warrior (Vaults:3)
  5 hydras
  A great orb of eyes (Vaults:1)
  4 two-headed ogres
  2 deep troll shamans
  6 alligators
  2 skeletal warriors (Vaults:2)
  A golden dragon zombie (Depths:1)
  6 deep trolls
  An iron troll (Depths:1)
  3 swamp dragons (Swamp:4)
  2 wizards
  An ironbrand convoker (Vaults:1)
  A harpy (Vaults:1)
  6 orb spiders
  4 orc knights
  5 wolf spiders
  A cyclops (Vaults:1)
  10 ugly things
  A moth of wrath (Spider:4)
  4 vault sentinels
  A guardian serpent (shapeshifter) (Vaults:4)
  A spiny frog (Swamp:4)
  A rime drake (shapeshifter) (Vaults:2)
  4 demonic crawlers
  5 yaktaurs
  A yaktaur skeleton (Depths:1)
  A tengu conjurer (D:14)
  9 jumping spiders
  A queen bee (shapeshifter) (Vaults:3)
  A tyrant leech (Swamp:1)
  3 hornets
  6 slime creatures
  2 bog bodies
  9 redbacks
  7 tarantellas
  A wraith (Spider:1)
  2 swamp worms (Swamp:1)
  An orc warrior (Vaults:1)
  2 swamp drakes (Swamp:4)
  4 ogres
  A boggart (Vaults:2)
  2 orc wizards
  5 orcs
  2 briar patches (Swamp:4)
161 creatures vanquished.

Vanquished Creatures (others)
  A tyrant leech (Swamp:1)
  A hornet (Spider:3)
  A killer bee (Lair:1)
  An orc (Vaults:4)
  6 bushes
  12 fungi
  63 plants
85 creatures vanquished.

Grand Total: 1553 creatures vanquished

Notes
Turn   | Place    | Note
-------+----------+-------------------------------------------
     0 | D:1      | Buffaloe the Deep Elf Fire Elementalist began the quest for
                  | the Orb.
     0 | D:1      | Reached XP level 1. HP: 10/10 MP: 6/6
   357 | D:1      | Reached XP level 2. HP: 13/15 MP: 0/8
  1245 | D:2      | Reached XP level 3. HP: 19/19 MP: 7/10
  1594 | D:2      | Reached skill level 4 in Spellcasting
  1602 | D:2      | Learned a level 3 spell: Conjure Flame
  1663 | D:2      | Found a sparkling altar of Nemelex Xobeh.
  1730 | D:2      | Reached XP level 4. HP: 24/24 MP: 7/12
  2221 | D:2      | Noticed Jessica
  2223 | D:2      | Killed Jessica
  2527 | D:2      | Reached XP level 5. HP: 28/28 MP: 12/14
  3465 | D:4      | Found Acrup's General Store.
  3521 | D:4      | HP: 1/28 [orc priest/divine providence (16)]
  4032 | D:4      | Reached skill level 5 in Spellcasting
  4040 | D:3      | Learned a level 2 spell: Throw Flame
  4045 | D:3      | Learned a level 4 spell: Sticky Flame
  4301 | D:4      | Got a bloodstained flail
  4302 | D:4      | Identified the +10 flail of the Hall of Blades {freeze,
                  | *Contam Int+5 Dex+2} (You found it on level 4 of the
                  | Dungeon)
  4441 | D:4      | Reached skill level 5 in Fire Magic
  4499 | D:4      | Noticed a phantom
  4539 | D:4      | Killed a phantom
  4539 | D:4      | Reached XP level 6. HP: 32/32 MP: 4/16
  4691 | D:4      | Reached skill level 6 in Spellcasting
  4988 | D:5      | Entered Level 5 of the Dungeon
  5023 | D:5      | Found a staircase to the Ecumenical Temple.
  5032 | Temple   | Entered the Ecumenical Temple
  5131 | Temple   | Became a worshipper of Vehumet
  5184 | D:5      | Reached XP level 7. HP: 36/36 MP: 12/18
  5194 | D:5      | Found a radiant altar of Vehumet.
  5347 | D:5      | Noticed Grinder
  5731 | D:5      | Reached skill level 5 in Conjurations
  5792 | D:5      | Learned a level 5 spell: Fireball
  6068 | D:5      | Noticed Sigmund
  6181 | D:5      | Noticed Eustachio
  6274 | D:5      | Reached skill level 7 in Spellcasting
  6705 | D:5      | Killed Sigmund
  6869 | D:5      | Reached XP level 8. HP: 41/41 MP: 13/21
  6976 | D:5      | Noticed Pikel
  7002 | D:5      | Killed Grinder
  7002 | D:5      | Reached skill level 8 in Spellcasting
  7231 | D:5      | Killed Pikel
  7231 | D:5      | Reached skill level 9 in Spellcasting
  7800 | D:6      | Reached XP level 9. HP: 45/45 MP: 4/24
  8204 | D:6      | Reached * piety under Vehumet
  8204 | D:6      | Offered knowledge of Freeze by Vehumet.
  8913 | D:7      | Reached skill level 10 in Spellcasting
  9506 | D:7      | Learned a level 3 spell: Mephitic Cloud
  9509 | D:7      | Learned a level 2 spell: Blink
  9940 | D:7      | Found a bloodstained altar of Trog.
  9941 | D:7      | Found a hide-covered altar of Uskayaw.
  9948 | D:7      | Found a shimmering altar of Xom.
  9951 | D:7      | Found a white marble altar of Elyvilon.
  9953 | D:7      | Found an iron altar of Okawaru.
 10070 | D:7      | Offered knowledge of Throw Frost by Vehumet.
 10072 | D:7      | Reached skill level 11 in Spellcasting
 10074 | D:7      | Reached ** piety under Vehumet
 10074 | D:7      | Reached XP level 10. HP: 50/50 MP: 9/27
 10195 | D:7      | Learned a level 2 spell: Throw Frost
 10530 | D:8      | Found Bipnea's Food Shoppe.
 11060 | D:8      | Reached skill level 10 in Fire Magic
 11305 | D:8      | Found a shimmering altar of Xom.
 11305 | D:8      | Found a shimmering altar of Xom.
 11811 | D:9      | Noticed Maurice
 11828 | D:9      | Killed Maurice
 11828 | D:9      | Reached skill level 10 in Conjurations
 11934 | D:9      | Reached skill level 12 in Spellcasting
 12418 | D:9      | Noticed Gastronok
 12783 | D:9      | Offered knowledge of Ignite Poison by Vehumet.
 13146 | D:9      | Reached *** piety under Vehumet
 13354 | D:10     | Entered Level 10 of the Dungeon
 13580 | D:10     | Learned a level 3 spell: Ignite Poison
 13794 | D:10     | Noticed Urug
 14788 | D:11     | Noticed a gargoyle
 14790 | D:11     | Killed a gargoyle
 14790 | D:11     | Reached XP level 11. HP: 54/54 MP: 27/29
 14907 | D:10     | Killed Urug
 15084 | D:11     | Reached skill level 13 in Spellcasting
 15307 | D:11     | Found a staircase to the Orcish Mines.
 15461 | D:11     | Offered knowledge of Olgreb's Toxic Radiance by Vehumet.
 15584 | D:11     | Found a staircase to the Lair.
 16131 | Lair:1   | Entered Level 1 of the Lair of Beasts
 16227 | D:11     | Learned a level 2 spell: Slow
 16461 | Lair:1   | Reached **** piety under Vehumet
 16471 | Lair:1   | Reached skill level 5 in Dodging
 16505 | Lair:1   | Offered knowledge of Airstrike by Vehumet.
 17519 | Lair:2   | Reached skill level 1 in Fighting
 17776 | Lair:2   | Reached XP level 12. HP: 45/64 MP: 31/31
 18199 | Lair:2   | Found a hole to the Spider Nest.
 18476 | Lair:2   | Reached ***** piety under Vehumet
 18476 | Lair:2   | Offered knowledge of Spellforged Servitor by Vehumet.
 18476 | Lair:2   | Noticed Erica
 18491 | Lair:2   | Killed Erica
 18492 | Lair:2   | Reached skill level 10 in Dodging
 18977 | Lair:3   | Found the +7 Singing Sword {slice, sonic wave}
 18993 | Lair:3   | Learned a level 7 spell: Spellforged Servitor
 19068 | Lair:3   | Noticed a death yak
 19068 | Lair:3   | Noticed a death yak
 19072 | Lair:3   | Noticed a death yak
 19072 | Lair:3   | Noticed a death yak
 19075 | Lair:3   | Noticed a death yak
 19479 | Lair:3   | Reached skill level 5 in Fighting
 19770 | Lair:3   | Noticed an eight-headed hydra
 19791 | Lair:3   | Killed an eight-headed hydra
 19934 | Lair:3   | Killed a death yak
 19937 | Lair:3   | Killed a death yak
 19940 | Lair:3   | Killed a death yak
 19943 | Lair:3   | Killed a death yak
 19948 | Lair:3   | Killed a death yak
 20522 | Lair:4   | You fall into a shaft and drop 2 floors!
 20522 | Lair:6   | Entered Level 6 of the Lair of Beasts
 20555 | Lair:6   | Noticed an eight-headed hydra
 20559 | Lair:6   | Killed an eight-headed hydra
 20793 | Lair:6   | Found a viscous altar of Jiyva.
 20793 | Lair:6   | Found a staircase to the Slime Pits.
 20940 | Lair:6   | Reached skill level 1 in Summonings
 21033 | Lair:6   | Reached XP level 13. HP: 79/79 MP: 32/32
 21787 | Lair:6   | Reached skill level 5 in Summonings
 22085 | Lair:5   | Reached skill level 10 in Fighting
 23429 | Lair:4   | Found a staircase to the Swamp.
 23673 | Lair:5   | Identified the +3 dagger of Sithi {drain, +Blink +Rage
                  | rPois Dex-5} (You found it on level 5 of the Lair of
                  | Beasts)
 24653 | Lair:6   | Learned a level 4 spell: Passage of Golubria
 24688 | Lair:6   | Reached skill level 1 in Translocations
 25163 | Lair:6   | Reached XP level 14. HP: 88/88 MP: 21/33
 25170 | Lair:6   | Offered knowledge of Poison Arrow by Vehumet.
 25562 | Lair:6   | Identified the +7 hunting sling "Embalmer" {velocity,
                  | *Drain +Fly rC+ Dex+3} (You found it on level 6 of the Lair
                  | of Beasts)
 26075 | D:11     | Noticed Snorg
 26087 | D:11     | Killed Snorg
 26577 | D:4      | Bought a +1 pair of gloves of dexterity for 181 gold pieces
 26805 | D:11     | Learned a level 6 spell: Poison Arrow
 28019 | D:13     | Found a shadowy altar of Dithmenos.
 28645 | D:13     | Reached skill level 1 in Poison Magic
 28749 | D:13     | Reached skill level 14 in Spellcasting
 29358 | D:14     | Found a portal to a secret trove of treasure.
 29395 | D:14     | Noticed Frances
 29404 | D:14     | Killed Frances
 29653 | D:14     | Noticed Rupert
 29661 | D:14     | Killed Rupert
 29674 | D:14     | Offered knowledge of Freezing Cloud by Vehumet.
 30249 | D:14     | Noticed Nessos
 30252 | D:14     | Killed Nessos
 30508 | D:14     | Found a gate to the Vaults.
 30511 | D:14     | Reached XP level 15. HP: 63/92 MP: 2/35
 30859 | D:14     | Noticed Roxanne
 31346 | D:14     | Reached skill level 15 in Spellcasting
 31689 | D:15     | Entered Level 15 of the Dungeon
 31716 | D:15     | Learned a level 6 spell: Bolt of Fire
 32223 | D:15     | Found a frozen archway.
 32247 | D:14     | Paralysed by a hornet for 1 turns
 32961 | D:15     | Found a staircase to the Depths.
 33397 | Orc:1    | Entered Level 1 of the Orcish Mines
 33397 | Orc:1    | Noticed Sonja
 33400 | Orc:1    | Noticed Nergalle
 33412 | Orc:1    | Killed Nergalle
 33534 | Orc:1    | Noticed Erolcha
 33537 | Orc:1    | Killed Erolcha
 33711 | Orc:1    | Killed Sonja
 33717 | Orc:1    | Offered knowledge of Ozocubu's Refrigeration by Vehumet.
 34336 | Orc:2    | Entered Level 2 of the Orcish Mines
 35440 | Orc:2    | Found Ruluarch's Assorted Antiques.
 35484 | Orc:2    | Reached skill level 16 in Spellcasting
 35863 | Orc:2    | Found a staircase to the Elven Halls.
 36025 | Orc:2    | Found Tih Ynko's Food Shoppe.
 36025 | Orc:2    | Found Soadgh's Antique Weapon Emporium.
 36028 | Orc:2    | Found Joptexeve's Food Shoppe.
 36028 | Orc:2    | Found Oryul's Jewellery Emporium.
 36335 | Orc:2    | Bought an uncursed ring of poison resistance for 340 gold
                  | pieces
 36674 | Spider:1 | Entered Level 1 of the Spider Nest
 37068 | Spider:1 | Reached ****** piety under Vehumet
 37444 | Spider:1 | Reached skill level 15 in Fire Magic
 37599 | Spider:1 | Noticed Josephine
 37602 | Spider:1 | Killed Josephine
 38214 | Spider:2 | Offered knowledge of Bolt of Cold by Vehumet.
 38214 | Spider:2 | Reached skill level 1 in Shields
 38224 | Spider:2 | Learned a level 6 spell: Bolt of Cold
 38227 | Spider:2 | Identified a scroll of acquirement
 38599 | Spider:2 | Reached skill level 15 in Conjurations
 39274 | Spider:3 | Noticed Arachne
 39547 | Spider:3 | Reached XP level 16. HP: 87/97 MP: 12/38
 39908 | Spider:3 | Gained mutation: You occasionally shout uncontrollably at
                  | your foes. [mutagenic glow]
 40079 | Spider:3 | Killed Arachne
 40303 | Spider:3 | Got a scintillating lapis lazuli ring
 40305 | Spider:3 | Identified the ring of Yredelemnul's Esteem {Fire MR- Str+7
                  | Dex+2} (You acquired it on level 3 of the Spider Nest)
 40658 | Spider:3 | Reached skill level 17 in Spellcasting
 40788 | Spider:3 | Noticed Azrael
 40791 | Spider:3 | Killed Azrael
 41247 | Spider:4 | Entered Level 4 of the Spider Nest
 41264 | Spider:4 | Offered knowledge of Iron Shot by Vehumet.
 41429 | Spider:3 | Learned a level 6 spell: Iron Shot
 41441 | Spider:4 | Reached skill level 5 in Shields
 44004 | Spider:4 | Got a pair of jewelled gloves
 44465 | Spider:4 | Identified the +0 pair of gloves of Hepliaklqana's Regard
                  | {rN+ Str+3} (You found it on level 4 of the Spider Nest)
 44501 | Spider:4 | Got a gossamer rune of Zot
 44601 | Spider:4 | Reached skill level 18 in Spellcasting
 44645 | Spider:4 | Offered knowledge of Orb of Destruction by Vehumet.
 44797 | Spider:4 | Learned a level 7 spell: Orb of Destruction
 45122 | Lair:2   | Upgraded the game from 0.24.0-2-g5b39cebb1c to
                  | 0.24.0-3-g28a8eb0610
 45196 | Swamp:1  | Entered Level 1 of the Swamp
 45618 | Swamp:1  | Noticed a thorn hunter
 45621 | Swamp:1  | Killed a thorn hunter
 46715 | Swamp:2  | Identified the cursed +0 hat of Beauty {+Fly rC+ Str+3
                  | Stlth-} (You found it on level 2 of the Swamp)
 46960 | Swamp:2  | Noticed a thorn hunter
 46964 | Swamp:2  | Killed a thorn hunter
 46964 | Swamp:2  | Reached XP level 17. HP: 85/102 MP: 23/41
 48358 | Swamp:3  | Reached skill level 10 in Shields
 48833 | Swamp:3  | Noticed a tentacled monstrosity
 48854 | Swamp:3  | Killed a tentacled monstrosity
 49195 | Swamp:4  | Entered Level 4 of the Swamp
 49866 | Swamp:4  | Noticed Louise
 49872 | Swamp:4  | Killed Louise
 51644 | Swamp:4  | Got a decaying rune of Zot
 52108 | Vaults:1 | Entered Level 1 of the Vaults
 52633 | Vaults:1 | Offered knowledge of Lehudib's Crystal Spear by Vehumet.
 52633 | Vaults:1 | Offered knowledge of Fire Storm by Vehumet.
 52633 | Vaults:1 | Offered knowledge of Ignition by Vehumet.
 52691 | Vaults:1 | Found Sempirobb's Armour Boutique.
 52691 | Vaults:1 | Noticed a lich
 52693 | Vaults:1 | Noticed a Brimstone Fiend
 53214 | Vaults:1 | Noticed an Ice Fiend
 54131 | Vaults:1 | Reached XP level 18. HP: 107/107 MP: 5/42
 55703 | Vaults:1 | Found a shattered altar of Ashenzari.
 56920 | Vaults:2 | You fall into a shaft and drop 1 floor!
 56922 | Vaults:3 | Reached skill level 15 in Shields
 57533 | Vaults:2 | Noticed a bone dragon
 57544 | Vaults:2 | Killed a bone dragon
 57677 | Vaults:2 | Found a staircase to the Crypt.
 57806 | Vaults:2 | Noticed a lich
 57816 | Vaults:2 | Killed a lich
 57897 | Vaults:2 | Found Caru's Assorted Antiques.
 58019 | Vaults:2 | Bought a runed leather armour for 155 gold pieces
 58019 | Vaults:2 | Bought a metal-bound book for 465 gold pieces
 59479 | Vaults:3 | Reached XP level 19. HP: 113/113 MP: 37/43
 62547 | Vaults:4 | Reached skill level 1 in Armour
 63399 | Vaults:4 | Found Vuseh's Magic Scroll Emporium.
 63403 | Vaults:4 | Bought a scroll of teleportation for 33 gold pieces
 63403 | Vaults:4 | Bought a scroll of magic mapping for 38 gold pieces
 63403 | Vaults:4 | Bought a scroll of enchant armour for 82 gold pieces
 63403 | Vaults:4 | Bought a scroll of fear for 38 gold pieces
 63579 | Vaults:5 | Entered Level 5 of the Vaults
 63858 | Depths:1 | Entered Level 1 of the Depths
 64773 | Depths:1 | Reached XP level 20. HP: 93/122 MP: 4/44
 65120 | D:15     | Killed from afar by a vampire knight

Levels and vault maps discovered:
D:1:      minmay_arrival_floating_metal, layout_basic
D:2:      layout_basic, old_standard_altar, st_stairs_14, uniq_jessica
D:3:      layout_basic, first_ration, roderic_serpentine_path,
          nrook_mini_backslash
D:4:      layout_rooms, serial_shops, shop
D:5:      wad_woods_stonehenge, layout_basic, temple_statues, corner_web_ring,
          uniq_grinder, uniq_pikel, uniq_sigmund, uniq_eustachio
D:6:      layout_basic, lightli_corner_chamber
D:7:      layout_loops_cross, minitemple, grunt_livestock,
          kennysheep_generic_room_16
D:8:      layout_basic, serial_shops, shop, xom_redecorated
D:9:      layout_roguey, uniq_gastronok, uniq_maurice
D:10:     layout_basic, uniq_urug
D:11:     layout_basic, erik_lair_orcish_takeover, orc_0_dummy, uniq_snorg
D:12:     layout_roguey, serial_park_tiny_2
D:13:     layout_stronghold, hangedman_decor_growths,
          grunt_dithmenos_smoke_and_mirrors
D:14:     layout_long_grid, david_vaults_1, serial_glass, glass_columns_c,
          glass_columns_a, nicolae_trove_entry_crossroad,
          minmay_misc_feat_doors, hangedman_decor_clover_reticule, minivault_5,
          minmay_shattered_shrine, uniq_rupert, uniq_roxanne, uniq_frances,
          uniq_nessos
D:15:     hangedman_depths_entry_civil_slaughter, layout_loops_ring,
          portal_ice_cave_entry_pillars_1, grunt_decor_one_mirror
Temple:   regret_index_temple_sphere_string
Lair:1:   layout_cave_pods, special_room [special_room_bee], grunt_megastairs_3
Lair:2:   layout_misc_corridors, nicolae_spider_entry_non_spiders, uniq_erica
Lair:3:   layout_misc_corridors, infiniplex_staircase_pool
Lair:4:   layout_long_grid, palyth_hydra_swamp_entry
Lair:5:   layout_hall_layers, gauntlet_entry_generic
Lair:6:   minmay_lair_end_frog_pond, layout_big_grid, slime_altar_1
Swamp:1:  layout_basic_swamp, evilmike_swamp_ruin_house_2, swamp_pool1
Swamp:2:  layout_basic_swamp, serial_swamp_ruin, evilmike_swamp_ruin_house_1,
          evilmike_swamp_ruin_rubble_1, infiniplex_staircase_pool_2
Swamp:3:  cheibrodos_swamp_monstrosity, layout_basic_swamp,
          hangedman_swamp_diagram
Swamp:4:  swamp, layout_basic_swamp, uniq_louise
Spider:1: layout_spider_delve, drop_trap, uniq_josephine
Spider:2: layout_spider_delve
Spider:3: layout_spider_delve, uniq_arachne, uniq_azrael
Spider:4: guppyfry_spider_rune
Orc:1:    layout_caves, nicolae_orc_damp_corner, uniq_nergalle, uniq_sonja,
          uniq_erolcha
Orc:2:    st_orc_mages, layout_caves, serial_shops,
          nicolae_shop_temple_entry_statues_fountains
Vaults:1: grunt_vaults_twisty, v_misc_30, v_rooms_6, vaults_dpeg_cross,
          v_misc_22, vaults_mumra_lcd, v_pattern_4, dpeg_vaults_monster_box,
          layout_vaults_omnicross, mu_enter_wizlab_4, basic_altar
Vaults:2: ontoclasm_vaults_ring_square, v_misc_1,
          minmay_crypt_entry_nasty_monster, v_pattern_2, v_misc_5, v_misc_22,
          grunt_vaults_diagonal, nicolae_vaults_alarming,
          layout_vaults_quadrants, serial_shops, shop
Vaults:3: ontoclasm_vaults_gateway, serial_ice_m, nicolae_vaults_triangles,
          vaults_room_hangedman_quadrants, grunt_vaults_bifocal, v_rooms_4,
          hangedman_vaults_stretched_pinwheel, v_rooms_5,
          nicolae_vaults_big_angled_halls, v_rooms_2, ontoclasm_vaults_pinch,
          ontoclasm_vaults_eye, vaults_room_grunt_arrival_checkpoint,
          vaults_dpeg_diagonal, layout_vaults_ring
Vaults:4: vaults_mumra_chevron_long, ontoclasm_vaults_tryst, v_misc_19,
          nicolae_vaults_little_squares_5, v_misc_17, hangedman_vaults_nodes,
          v_misc_30, v_misc_17, vaults_room_fancy_cross,
          nicolae_vaults_little_squares_5, ontoclasm_vaults_claustrophobia,
          ontoclasm_vaults_idyll, v_misc_26, layout_vaults_maze_snakey,
          serial_shops, nicolae_shop_stone
Vaults:5
Depths:1: layout_big_octagon, chequers_serial_rivers_room_a, hellmouth_1,
          pandoras_box_mu, minmay_shop_grove

Skill      XL: |  1  2  3  4  5  6  7  8  9 10 11 12 13 14 15 16 17 18 19 |
---------------+----------------------------------------------------------+-----
Conjurations   | 2 3 4 5 7 9 10 11 12 13 15 16 | 16.0
Spellcasting   | 4 5 6 7 9 11 12 13 14 16 18 | 18.0
Fire Magic     | 4 5 6 8 9 11 12 13 15 16 | 16.0
Dodging        | 9 10 13 | 13.4
Fighting       | 2 8 10 12 | 12.2
Summonings     | 2 7 8 |  8.0
Translocations | 2 3 |  3.0
Poison Magic   | 4 |  4.0
Shields        | 2 9 13 15 | 15.0
Armour         | 4 |  4.5
Stealth        | |  2.4

Action                   |  1- 3 |  4- 6 |  7- 9 | 10-12 | 13-15 | 16-18 | 19-21 || total
-------------------------+-------+-------+-------+-------+-------+-------+-------++-------
Melee: Unarmed           |     3 |       |       |       |       |       |       ||     3
       Short sword       |       |     1 |       |       |       |       |       ||     1
       Flail             |       |       |    32 |    30 |   113 |     4 |       ||   179
       Staff             |       |       |       |       |       |    40 |    14 ||    54
Throw: Stone             |     1 |       |       |     2 |       |       |       ||     3
       Dart              |     7 |     3 |    26 |    21 |    48 |       |       ||   105
 Cast: Flame Tongue      |    62 |    77 |   116 |   287 |   196 |       |       ||   738
       Throw Flame       |       |    27 |    79 |   160 |    47 |       |       ||   313
       Conjure Flame     |       |     1 |    13 |    33 |    16 |     4 |     1 ||    68
       Fireball          |       |       |    17 |    50 |   201 |    62 |    26 ||   356
       Sticky Flame      |       |       |     7 |    53 |    94 |    55 |    15 ||   224
       Mephitic Cloud    |       |       |       |    24 |     8 |       |     2 ||    34
       Throw Frost       |       |       |       |     6 |    15 |       |       ||    21
       Ignite Poison     |       |       |       |     8 |     1 |       |       ||     9
       Poison Arrow      |       |       |       |       |   142 |   200 |   100 ||   442
       Blink             |       |       |       |       |     5 |     5 |     1 ||    11
       Spellforged Servi |       |       |       |       |    16 |    64 |    23 ||   103
       Bolt of Fire      |       |       |       |       |    54 |   263 |    47 ||   364
       Bolt of Cold      |       |       |       |       |     2 |     7 |       ||     9
       Iron Shot         |       |       |       |       |       |     7 |       ||     7
       Orb of Destructio |       |       |       |       |       |    23 |     9 ||    32
Evoke: Wand              |       |       |       |    16 |    32 |    36 |     6 ||    90
       Lightning rod     |       |       |       |     2 |     2 |       |       ||     4
       Fan of gales      |       |       |       |       |       |     2 |       ||     2
  Use: Scroll            |       |     6 |     2 |    15 |    26 |    28 |     3 ||    80
       Potion            |       |       |     1 |     2 |     5 |    11 |     1 ||    20
 Stab: Confused          |       |       |       |     1 |       |       |       ||     1
       Sleeping          |       |       |       |       |     1 |       |       ||     1
       Paralysed         |       |       |       |       |     2 |     6 |       ||     8
  Eat: Chunk             |     2 |     7 |    11 |    20 |    34 |    42 |    28 ||   144
       Ration            |       |     1 |     2 |     4 |    14 |    24 |     2 ||    47
Armor: Robe              |    15 |     2 |     7 |    21 |    12 |       |       ||    57
       Troll leather arm |       |       |       |       |    88 |   104 |       ||   192
       Leather armour    |       |       |       |       |     2 |     1 |     8 ||    11
Dodge: Dodged            |    30 |    10 |    15 |    92 |   282 |   219 |    49 ||   697
Block: Buckler           |       |       |       |       |     2 |    32 |       ||    34
       Shield            |       |       |       |       |       |   137 |    63 ||   200
